 Dungeon Crawl Stone Soup version 0.28-a0-779-g3d1f99b579 (webtiles) character file.

Game seed: 3504069993546684228

9359 jasper the Carver (level 11, -18/81 HPs)
             Began as a Demonspawn Cinder Acolyte on Nov 2, 2021.
             Was an Initiate of Ignis.
             Demolished by an ettin (38 damage)
             ... on level 10 of the Dungeon.
             The game lasted 00:28:41 (15956 turns).

jasper the Carver (Demonspawn Cinder Acolyte)      Turns: 15956, Time: 00:28:41

Health: -18/81     AC: 11    Str: 14    XL:     11   Next: 22%
Magic:  12/12      EV: 15    Int: 19    God:    Ignis [......]
Gold:   219        SH: 12    Dex:  9    Spells: 1/12 levels left

rFire   + . .      SeeInvis .   a - +0 falchion (protect)
rCold   . . .      Faith    .   D - +0 buckler
rNeg    . . .      Spirit   .   t - +3 leather armour
rPois   .          Reflect  .   u - +2 hat
rElec   .          Harm     .   B - +0 cloak
rCorr   .          Rampage  .   (no gloves)
Will    .....                   K - +1 pair of boots
Stlth   +.........              c - amulet of the acrobat
HPRegen 0.23/turn               E - +4 ring of evasion
MPRegen 0.13/turn               (no ring)

@: studying Maces & Flails
A: horns 2, large bone plates 1, spiny 1, condensation shield
a: Renounce Religion


You were on level 10 of the Dungeon.
You worshipped Ignis.
Ignis was noncommittal.
You visited 3 branches of the dungeon, and saw 13 of its levels.

You collected 534 gold pieces.
You spent 315 gold pieces at shops.

Inventory:

Hand Weapons
 a - a +0 falchion of protection (weapon)
 r - a +1 dagger of electrocution
 s - a +2 triple crossbow of flaming
 y - a +0 scimitar
 F - a +3 long sword
Missiles
 j - 267 stones
 w - 5 boomerangs (quivered)
 x - 38 poisoned darts
Armour
 b - a +0 robe
 d - a +0 leather armour
 g - a +0 ring mail
 t - a +3 leather armour (worn)
 u - a +2 hat (worn)
 B - a +0 cloak (worn)
 D - a +0 buckler (worn)
 I - a +0 scale mail
 K - a +1 pair of boots (worn)
Jewellery
 c - an amulet of the acrobat (around neck)
 h - a ring of ice
 E - a +4 ring of evasion (left hand)
Wands
 J - a wand of acid (6)
Scrolls
 e - 5 scrolls of teleportation
 l - a scroll of fear
 n - 2 scrolls of fog
 p - 6 scrolls of noise
 q - a scroll of torment
 C - a scroll of enchant armour
 G - 2 scrolls of identify
Potions
 f - a potion of flight
 i - 3 potions of haste
 k - 5 potions of curing
 m - a potion of might
 o - 3 potions of berserk rage
 v - 2 potions of heal wounds
 z - 3 potions of brilliance
 A - a potion of attraction
 H - a potion of ambrosia {unknown}


   Skills:
 * Level 5.8 Fighting
 - Level 14.0 Long Blades
 + Level 3.5 Armour
 - Level 4.0 Shields
 - Level 1.0 Spellcasting
 - Level 3.2 Necromancy
 + Level 2.1 Transmutations
 - Level 2.6 Fire Magic


You had one spell level left.
You knew the following spells:

 Your Spells              Type           Power      Damage    Failure   Level
a - Passwall              Tmut/Erth      3%         N/A       22%         2
b - Ignite Poison         Fire/Tmut/Pois 7%         N/A       34%         3
c - Mephitic Cloud        Conj/Pois/Air  0%         N/A       56%         3
d - Wereblood             Tmut           9%         N/A       14%         2
e - Animate Skeleton      Necr           26%        N/A       6%          1

Your spell library contained the following spells:

 Spells                   Type           Power      Damage    Failure   Level
 Pain                     Necr           52%        1d6       6%          1
 Beastly Appendage        Tmut           18%        N/A       10%         1
 Magic Dart               Conj           0%         1d3       22%         1
 Sandblast                Erth           0%         2d4       22%         1
 Scorch                   Fire           22%        2d6       12%         2
 Vampiric Draining        Necr           13%        2d6       19%         3
 Call Imp                 Summ           0%         N/A       34%         2
 Spider Form              Tmut/Pois      4%         N/A       41%         3
 Ozocubu's Armour         Ice            0%         N/A       56%         3
 Stone Arrow              Conj/Erth      0%         3d7       56%         3
 Tukima's Dance           Hex            0%         N/A       56%         3
 Passage of Golubria      Tloc           0%         N/A       92%         4
 Freezing Cloud           Conj/Ice/Air   0%         6-21      99%         5
 Yara's Violent Unravell  Hex/Tmut       2%         3d3       99%         5
 Ozocubu's Refrigeration  Ice            0%         4d5       100%        7


Dungeon Overview and Level Annotations

Branches:
Dungeon (11/15)            Temple (0/1) D:4            Lair (1/6) D:10
    Orc (1/2) D:10

Altars:
Fedhas
Hepliaklqana
Uskayaw
Vehumet
Wu Jian
Yredelemnul

Shops:
D:8 *

Annotations:
D:8 2 transporters, bande's ghost, novice GrFi


Innate Abilities, Weirdness & Mutations

You have a pair of horns on your head.
You are partially covered in large bone plates. (SH +4)
You are partially covered in sharp spines.
A meltable shield of frost defends you. (SH +4)


Message History

An orc wizard comes into view.
It is wielding a +2 dagger of protection.
An orc wizard comes into view. It is wielding a +1 dagger of flaming.
The orc wizard shouts! x2; You hear a shout! x3
You hear a shout! x3
The ettin hits you but does no damage. The ettin misses you.
You climb upwards.
Welcome back to the Dungeon!
There is a staircase to the Orcish Mines here.
You barely miss the ettin.
The ettin is lightly wounded.
You hit the ettin.
Your weapon exudes an aura of protection.
The ettin is moderately wounded.
You block the ettin's attack. The ettin barely misses you.
You hit the ettin. You headbutt the ettin!
The ettin is heavily wounded.
You block the ettin's attack. x2
You slash the ettin!
The ettin is heavily wounded.
You slash the ettin! You headbutt the ettin.
The ettin is severely wounded.
The ettin is struck by your spines.
The ettin hits you with a +0 great mace!
The ettin hits you with a +0 dire flail!
You take 32 damage, and have 49/81 hp.
MASSIVE DAMAGE!!
You hit the ettin.
The ettin is severely wounded.
You hit the ettin but do no damage.
The ettin is severely wounded.
The ettin misses you.
The ettin hits you with a +0 dire flail!!
* * * LOW HITPOINT WARNING * * *
You take 31 damage, and have 18/81 hp.
MASSIVE DAMAGE!!
The ettin is no longer covered in acid.
Aiming: Corrosive Bolt
Press: ? - help, Shift-Dir - straight line, f - ettin
Aim: an ettin, wielding a +0 great mace and a +0 dire flail (severely wounded, 94% to hit)
The bolt of acid hits the ettin.
The acid corrodes the ettin!
The ettin is severely wounded.
The ettin hits you with a +0 great mace!!!
You die...

...........#.................#
.........###..##.............#
.........##..................##
#........##........#..........#
..............................#
##.......##.#......#.##.......#
...#...#.##.#......#.##.......#
##....##....#(................##
##..............@....##........##
..........#####C#.#.##..........#
.................(..##..........#
...........##.....####..........#
...............<..####..........#
.......#####.>..................#
........# ##.....#####........##
........## #.....# ##........##
.........####...>.## #..........#


You could see an ettin (corroded).

Vanquished Creatures
  A two-headed ogre (D:10)
  2 cane toads (Lair:1)
  A gargoyle (D:7)
  A rime drake (Lair:1)
  A komodo dragon (D:10)
  A hornet (D:9)
  Prince Ribbit (D:7)
  3 wyverns
  12 yaks
  An acid dragon (D:10)
  6 water moccasins
  5 sky beasts
  2 necrophages
  An ice beast (D:7)
  2 black bears
  2 ogres
  7 centaurs
  5 bullfrogs (Lair:1)
  A gnoll sergeant (D:9)
  2 scorpions
  4 killer bees (D:9)
  13 wights
  6 howler monkeys
  A bullfrog zombie (D:6)
  7 centaur zombies
  6 hounds (D:4)
  2 orc priests
  A bullfrog skeleton (D:4)
  A gnoll shaman (D:4)
  4 iguanas
  4 orc wizards
  A killer bee zombie (D:7)
  A hound skeleton (D:5)
  A howler monkey zombie (D:9)
  11 gnolls
  A howler monkey skeleton (D:7)
  7 adders
  3 white imps
  An ufetubus (D:7)
  4 dart slugs
  25 orcs
  4 ball pythons
  6 endoplasms
  A giant cockroach (D:2)
  11 goblins
  3 hobgoblins
  A jackal (D:4)
  7 kobolds
  4 quokkas
  2 frilled lizards
  2 rats
202 creatures vanquished.

Vanquished Creatures (others)
  A bush (D:10)
  188 foxfires
  2 fungi (Lair:1)
  19 plants
210 creatures vanquished.

Grand Total: 412 creatures vanquished

Notes
Turn   | Place    | Note
-------+----------+-------------------------------------------
     0 | D:1      | jasper the Demonspawn Cinder Acolyte began the quest for
                  | the Orb.
     0 | D:1      | Reached XP level 1. HP: 18/18 MP: 2/2
   183 | D:1      | Reached skill level 3 in Long Blades
   352 | D:1      | Gained mutation: You have a pair of small horns on your
                  | head. [demonic ancestry]
   352 | D:1      | Reached XP level 2. HP: 20/24 MP: 3/3
  1701 | D:2      | Gained mutation: You are partially covered in sharp spines.
                  | [demonic ancestry]
  1701 | D:2      | Reached XP level 3. HP: 29/29 MP: 4/4
  1972 | D:2      | Found a faded altar of an unknown god.
  2548 | D:2      | Reached skill level 4 in Long Blades
  2976 | D:2      | Gained mutation: A meltable shield of frost defends you.
                  | (SH +4) [demonic ancestry]
  2976 | D:2      | Reached XP level 4. HP: 11/35 MP: 5/5
  3328 | D:3      | Found a basalt altar of Yredelemnul.
  3329 | D:3      | Found a hide-covered altar of Uskayaw.
  3596 | D:3      | Reached skill level 5 in Long Blades
  3727 | D:3      | Gained mutation: You are partially covered in large bone
                  | plates. (SH +4) [demonic ancestry]
  3727 | D:3      | Reached XP level 5. HP: 37/41 MP: 6/6
  4827 | D:4      | Reached skill level 6 in Long Blades
  4968 | D:4      | Found a radiant altar of Vehumet.
  5012 | D:4      | Reached XP level 6. HP: 47/47 MP: 7/7
  5154 | D:4      | Reached skill level 7 in Long Blades
  5361 | D:4      | Gained mutation: You have a pair of horns on your head.
                  | [demonic ancestry]
  5361 | D:4      | Reached XP level 7. HP: 39/52 MP: 8/8
  5873 | D:4      | Reached skill level 8 in Long Blades
  5898 | D:4      | Found a staircase to the Ecumenical Temple.
  6411 | D:5      | Entered Level 5 of the Dungeon
  6810 | D:5      | Reached skill level 9 in Long Blades
  6810 | D:5      | Reached XP level 8. HP: 58/58 MP: 9/9
  7536 | D:6      | Reached skill level 10 in Long Blades
  8362 | D:7      | Reached skill level 11 in Long Blades
  8500 | D:7      | Found a blossoming altar of Fedhas.
  8504 | D:7      | Found an ornate altar of the Wu Jian Council.
  8508 | D:7      | Found a hazy altar of Hepliaklqana.
  8574 | D:7      | Reached XP level 9. HP: 63/63 MP: 10/10
  8779 | D:7      | Noticed a gargoyle
  8795 | D:7      | Killed a gargoyle
  8796 | D:7      | Reached skill level 12 in Long Blades
  9114 | D:7      | Noticed Prince Ribbit
  9126 | D:7      | Killed Prince Ribbit
 10087 | D:8      | Reached skill level 13 in Long Blades
 10247 | D:8      | Learned a level 2 spell: Passwall
 10251 | D:8      | Learned a level 3 spell: Ignite Poison
 10255 | D:8      | Learned a level 3 spell: Mephitic Cloud
 10331 | D:8      | Found Keaciest's Changing Room.
 10340 | D:8      | Bought a potion of lignification for 45 gold pieces
 10340 | D:8      | Bought a book of Changes for 270 gold pieces
 10374 | D:8      | Learned a level 2 spell: Wereblood
 10383 | D:8      | Noticed a two-headed ogre
 10383 | D:8      | Noticed a skeletal warrior
 10703 | D:9      | Reached XP level 10. HP: 70/70 MP: 11/11
 10818 | D:8      | Found a transporter.
 10818 | D:8      | Found a transporter.
 10824 | D:8      | Noticed bande's ghost (novice GrFi)
 11021 | D:9      | Learned a level 1 spell: Animate Skeleton
 12681 | D:9      | Reached skill level 14 in Long Blades
 12705 | D:9      | Reached skill level 1 in Shields
 12802 | D:10     | Entered Level 10 of the Dungeon
 12802 | D:10     | Found a staircase to the Orcish Mines.
 12865 | D:10     | Reached skill level 1 in Necromancy
 12983 | D:10     | Reached skill level 1 in Armour
 13774 | D:10     | Found a staircase to the Lair.
 14605 | D:11     | Noticed a two-headed ogre
 14692 | D:10     | Killed a two-headed ogre
 14693 | D:10     | Reached XP level 11. HP: 29/78 MP: 12/12
 15101 | D:11     | Noticed a green ugly thing
 15124 | Lair:1   | Entered Level 1 of the Lair of Beasts
 15164 | Lair:1   | Reached skill level 1 in Transmutations
 15202 | Lair:1   | Reached skill level 5 in Fighting
 15769 | Lair:1   | Noticed a six-headed hydra
 15935 | Orc:1    | Entered Level 1 of the Orcish Mines
 15935 | Orc:1    | Noticed an ettin
 15956 | D:10     | Demolished by an ettin

Illustrated notes

Levels and vault maps discovered:
D:1:      scummos_arrival_forest, layout_rooms, st_stairs_7
D:2:      layout_loops_cross, chequers_ecumenical_altar_simple_redux
D:3:      layout_basic, jmf_multi_god_temple
D:4:      layout_loops_corners, mainiacjoe_overflow_tiny_flanked,
          minmay_temple_entry_fiery, roderic_lattice_a, minmay_starry_boxes
D:5:      layout_rooms
D:6:      layout_basic
D:7:      layout_cave_pools, minmay_overflow_temple_star_quad,
          minmay_manual_mess, uniq_prince_ribbit1
D:8:      layout_basic, nzn_ghost_randoct, nicolae_transmutations_shop,
          minmay_manual_mail
D:9:      layout_layer_cave
D:10:     layout_rooms, minmay_lair_entry_grove
D:11:     layout_roguey, special_room [special_room_bee],
          nicolae_wooded_promenade, ashenzari_altar_1
Lair:1:   layout_small_grid, bh_autumn_forest_stairs, uniq_maggie
Orc:1:    layout_diamond_mine, serial_shops,
          nicolae_shop_competitors_out_of_business, minmay_orc_keep

Skill      XL: |  1  2  3  4  5  6  7  8  9 10 11 |
---------------+----------------------------------+-----
Long Blades    | 3 4 5 6 7 9 11 13 14 | 14.0
Shields        | 4 |  4.0
Necromancy     | 3 |  3.2
Armour         | 2 3 |  3.5
Fighting       | 4 5 |  5.8
Transmutations | 2 |  2.1
Spellcasting   | |  1.0
Fire Magic     | |  2.6

Action                   |  1- 3 |  4- 6 |  7- 9 | 10-12 || total
-------------------------+-------+-------+-------+-------++-------
Melee: Falchion          |    82 |    84 |   300 |   335 ||   801
       Headbutt          |     8 |    16 |    33 |    42 ||    99
Throw: Dart              |    42 |    43 |    99 |    85 ||   269
       Stone             |       |       |     1 |       ||     1
       Boomerang         |       |       |       |     4 ||     4
 Cast: Animate Skeleton  |       |       |       |     1 ||     1
Invok: Foxfire Swarm     |     3 |     3 |     6 |       ||    12
Evoke: Wand              |       |       |    29 |    25 ||    54
  Use: Scroll            |     4 |     6 |     9 |     1 ||    20
       Potion            |       |       |       |     5 ||     5
Armor: Leather armour    |     9 |       |    50 |    71 ||   130
       Ring mail         |    18 |    32 |    23 |       ||    73
       Skin              |       |       |       |    15 ||    15
Dodge: Dodged            |    34 |    23 |    76 |   105 ||   238
Block: Other             |       |    28 |    87 |    57 ||   172
       Buckler           |       |       |       |    52 ||    52

Table legend: (Time is in decaauts)
 A = Elapsed time spent in this place.
 B = Non-inter-level travel time spent in this place.
 C = Inter-level travel time spent in this place.
 D = Time resting spent in this place.
 E = Time spent auto-exploring this place.
 F = Levels seen in this place.
 G = Mean time per level.
                   A        B        C        D        E       F      G
               +--------+--------+--------+--------+--------+-----+--------+
         Total |  15787 |  14961 |    826 |   5992 |   6267 |  13 | 1214.4 |
       Dungeon |  15098 |  14317 |    781 |   5777 |   6039 |  11 | 1372.5 |
          Lair |    683 |    639 |     44 |    215 |    228 |   1 |  683.0 |
  Orcish Mines |      4 |      4 |      0 |      0 |      0 |   1 |    4.0 |
               +--------+--------+--------+--------+--------+-----+--------+

Top non-repeatable levels by time:
     D:9: 2549 daAuts
     D:4: 2277 daAuts
     D:7: 1852 daAuts
    D:10: 1805 daAuts
     D:2: 1616 daAuts
     D:3: 1436 daAuts
     D:1: 1435 daAuts
     D:5: 788 daAuts
  Lair:1: 683 daAuts
     D:8: 616 daAuts
     D:6: 587 daAuts
    D:11: 132 daAuts
   Orc:1: 4 daAuts
